 Dungeon Crawl Stone Soup version 0.20.0-8-g6b59dc7 (webtiles) character file.

6134 Lavandula the Cleaver (level 10, 41/72 HPs)
             Began as a Deep Dwarf Warper on June 1, 2017.
             Was a Believer of Ru.
             Quit the game on level 10 of the Dungeon.
             The game lasted 00:43:01 (9373 turns).

Lavandula the Cleaver (Deep Dwarf Warper)           Turns: 9373, Time: 00:43:01

Health: 41/72      AC:  9    Str: 17    XL:     10   Next: 59%
Magic:  8/8        EV: 12    Int: 14    God:    Ru [**....]
Gold:   504        SH:  0    Dex: 13    Spells: 9/13 levels left

rFire    . . .     SeeInvis .   I - +2 dagger (vamp)
rCold    + . .     Gourm    .   (no shield)
rNeg     . . .     Faith    .   L - +3 leather armour
rPois    .         Spirit   .   v - +0 helmet
rElec    .         Reflect  .   (no cloak)
rCorr    .         Harm     .   (no gloves)
MR       +....                  x - +0 pair of boots
Stlth    +.........             (no amulet)
Regen    0.0/turn               u - ring of protection from cold
MPRegen  0.2/turn               (no ring)

@: non-regenerating
A: damage resistance, heal wounds, frail 1, sense surroundings 2, subdued magic
2, no regeneration
a: Heal Wounds, Renounce Religion


You were on level 10 of the Dungeon.
You worshipped Ru.
Ru was pleased with you.
You were hungry.

You visited 2 branches of the dungeon, and saw 11 of its levels.
You also visited: Ossuary.

You collected 504 gold pieces.

Inventory:

Hand Weapons
 a - a +2 dagger of electrocution
 h - a +1 war axe
 k - a +0 dagger of venom
 I - a +2 vampiric dagger (weapon)
Missiles
 e - 5 tomahawks of dispersal
 n - 214 stones (quivered)
 F - 7 tomahawks
Armour
 i - a +0 chain mail
 m - a +0 plate armour
 v - a +0 helmet (worn)
 x - a +0 pair of boots (worn)
 L - a +3 leather armour (worn)
Jewellery
 u - a ring of protection from cold (left hand)
Wands
 b - a wand of confusion (0/48)
 t - a wand of paralysis (0/24)
 z - a wand of flame (12/48)
 G - a wand of paralysis (0/24)
 K - a wand of digging (20/24)
Scrolls
 g - 4 scrolls of fog
 y - 4 scrolls of remove curse
 B - 2 scrolls of teleportation
 D - 3 scrolls of amnesia
 H - a scroll of enchant armour {unknown}
 J - a scroll of noise {unknown}
Potions
 j - 2 potions of flight
 o - 3 potions of ambrosia {unknown}
 p - a potion of resistance {unknown}
 r - 2 potions of brilliance {unknown}
 A - a potion of might {unknown}
 C - a potion of curing
Books
 c - a book of Spatial Translocations

   Spells                             Type                      Level
   a - Blink                          Translocation                2
   b - Shroud of Golubria             Charms/Translocation         2
   c - Lesser Beckoning               Translocation                3
   d - Gell's Gravitas                Translocation                3
   e - Teleport Other                 Translocation                3
   f - Passage of Golubria            Translocation                4
 l - a book of Debilitation

   Spells                             Type                      Level
   a - Corona                         Hexes                        1
   b - Slow                           Hexes                        2
   c - Inner Flame                    Hexes/Fire                   3
   d - Portal Projectile              Hexes/Translocation          3
   e - Cause Fear                     Hexes                        4
   f - Leda's Liquefaction            Hexes/Earth                  4
Comestibles
 f - 4 bread rations
 s - 15 fruits
 w - a royal jelly


   Skills:
 - Level 2.3 Fighting
 + Level 9.6 Short Blades
 - Level 11.0 Axes
 - Level 0.8 Throwing
 - Level 5.6 Armour
 - Level 2.5 Dodging
 - Level 2.0 Spellcasting
 - Level 3.2 Translocations
 - Level 5.0 Evocations


You had 9 spell levels left.
You knew the following spells:

 Your Spells              Type           Power        Failure   Level  Hunger
a - Blink                 Tloc           N/A          7%          2    ###....
b - Shroud of Golubria    Chrm/Tloc      #.........   16%         2    ###....


Dungeon Overview and Level Annotations

Branches:
Dungeon (10/15)            Temple (1/1) D:6
   Lair: D:8-11         Orc: D:9-12

Altars:
Ashenzari
Cheibriados
Dithmenos
Elyvilon
Fedhas
Gozag
Hepliaklqana
Kikubaaqudgha
Makhleb
Nemelex Xobeh
Okawaru
Qazlal
Ru
Sif Muna
Trog
Uskayaw
Vehumet
Xom
Yredelemnul
Zin
The Shining One

Shops:
D:5 }

Annotations:
D:4 Menkaure
D:5 exclusions: door and orc wizard
D:6 kusayu's ghost, novice OpFi
D:8 Dwachs's ghost, novice VSFi
D:10 dricus's ghost, journeyman GrGl


Innate Abilities, Weirdness & Mutations

You are resistant to damage.
You can heal yourself by infusing magical energy.
You are frail. (-10% HP)
You passively map the area around you.
You do not regenerate.
Your spells are easier to cast, but less powerful.


Message History

There is an open door here.
There is an open door here.
As you open the door, it creaks loudly!
There is an open door here.
You are feeling hungry.
(D) Dungeon (T) Temple
Where to? (Enter - D:9 @ (x,y), ? - help)
There is a stone staircase leading down here.
You climb downwards.
Level annotation: dricus's ghost, journeyman GrGl
There is a stone staircase leading up here.
An adder and a two-headed ogre come into view.
The two-headed ogre shouts in stereo!
The adder hisses angrily.
Evoke which item? (* to show all) (? for menu, Esc to quit)
Okay, then.
Okay, then.
Wield which item (- for none, * to show all)? (? for menu, Esc to quit)
Okay, then.
Okay, then.
Are you sure you want to abandon this character and quit the game? (Confirm with "yes".)

,, * ## * *.##
,* *##.. , ...#
** * * ...# **
...## * ,
########....# ,
#......@....# *
####.###....S..,
, #.# *.......
,, #<# O......,
### *....... ,
......., ,
....### * .....
, , , ,


You could see a two-headed ogre and an adder.

Vanquished Creatures
  2 two-headed ogres
  A troll (D:9)
  A hornet (D:9)
  A hungry ghost (D:9)
  A hell hound (D:9)
  An orc warrior (D:7)
  3 ice beasts
  2 sky beasts (D:5)
  A necrophage (D:7)
  A black bear (D:9)
  4 centaurs
  6 ogres
  A big kobold (D:3)
  6 bullfrogs
  6 water moccasin zombies (Ossuary)
  A scorpion (D:7)
  6 wights
  5 killer bees (D:8)
  A howler monkey (D:6)
  3 crimson imps
  A quasit (D:9)
  A bullfrog zombie (D:8)
  3 hounds
  3 jellies
  2 orc priests
  Ijyb (D:3)
  5 orc wizards
  6 worker ants
  4 iguanas
  2 big kobold zombies (Ossuary)
  3 mummies
  A hound zombie (D:9)
  3 hound skeletons
  A howler monkey zombie (D:7)
  A worker ant zombie (D:8)
  4 gnolls
  4 adders
  2 shadow imps
  An ooze (D:4)
  5 adder zombies
  An adder skeleton (D:7)
  A dart slug (D:2)
  A leopard gecko (D:6)
  15 orcs
  8 giant cockroaches
  4 gnoll zombies (Ossuary)
  6 goblins
  12 hobgoblins
  5 jackals (D:8)
  4 quokkas
  5 bats
  3 frilled lizards
  A goblin zombie (D:5)
  5 hobgoblin zombies (Ossuary)
  5 kobolds
  9 kobold zombies (Ossuary)
  2 leopard gecko skeletons
  4 orc zombies
  2 quokka skeletons
  A quokka zombie (D:5)
  6 rats
206 creatures vanquished.

Vanquished Creatures (others)
  A hornet (D:9)
  A centaur (D:8)
  A jelly (D:8)
  An adder (D:8)
4 creatures vanquished.

Grand Total: 210 creatures vanquished

Notes
Turn   | Place    | Note
-------+----------+-------------------------------------------
     0 | D:1      | Lavandula the Deep Dwarf Warper began the quest for the Orb.
     0 | D:1      | Reached XP level 1. HP: 19/19 MP: 3/3
   181 | D:1      | Reached XP level 2. HP: 13/26 MP: 4/4
   322 | D:1      | Learned a level 2 spell: Blink
   325 | D:1      | Learned a level 2 spell: Shroud of Golubria
   803 | D:2      | Found an ancient bone altar of Kikubaaqudgha.
   906 | D:2      | Reached skill level 3 in Axes
   906 | D:2      | Reached XP level 3. HP: 11/32 MP: 6/6
  1429 | D:3      | Found a hide-covered altar of Uskayaw.
  1972 | D:3      | Noticed a big kobold
  2011 | D:3      | Killed a big kobold
  2011 | D:3      | Reached skill level 4 in Axes
  2011 | D:3      | Reached XP level 4. HP: 15/40 MP: 7/7
  2161 | D:3      | Found a shadowy altar of Dithmenos.
  2191 | D:4      | Noticed Ijyb
  2217 | D:3      | Paralysed by Ijyb for 2 turns
  2236 | D:3      | Paralysed by Ijyb for 2 turns
  2239 | D:3      | Paralysed by Ijyb for 4 turns
  2269 | D:3      | Killed Ijyb
  2269 | D:3      | Reached skill level 5 in Axes
  2269 | D:3      | Reached XP level 5. HP: 40/46 MP: 7/7
  2616 | D:4      | Noticed Menkaure
  2746 | D:4      | Found a bloodstained altar of Trog.
  2853 | D:5      | Entered Level 5 of the Dungeon
  2890 | D:5      | Reached skill level 6 in Axes
  2903 | D:5      | Noticed an ogre
  2993 | D:5      | Noticed an ogre
  3002 | D:4      | Killed an ogre
  3002 | D:4      | Reached XP level 6. HP: 23/54 MP: 8/8
  3021 | D:5      | Found a deep blue altar of Sif Muna.
  3124 | D:5      | Found a glowing golden altar of the Shining One.
  3129 | D:5      | Found a sand-covered staircase.
  3141 | Ossuary  | Entered an ossuary
  3194 | Ossuary  | Reached skill level 7 in Axes
  3235 | Ossuary  | Reached XP level 7. HP: 35/61 MP: 9/9
  3319 | Ossuary  | Reached skill level 8 in Axes
  3539 | D:5      | Reached skill level 9 in Axes
  3636 | D:5      | Found Yfiteutu's Gadget Emporium.
  3897 | D:6      | Reached XP level 8. HP: 26/68 MP: 10/10
  3929 | D:6      | Found a staircase to the Ecumenical Temple.
  3938 | Temple   | Entered the Ecumenical Temple
  4333 | D:5      | Gained mutation: Your spells are a little easier to cast, but a little less powerful. [mutagenic meat]
  4334 | D:5      | Gained mutation: Your spells are easier to cast, but less powerful. [mutagenic meat]
  4335 | D:5      | Gained mutation: You are clumsy. (Dex -2) [mutagenic meat]
  4336 | D:5      | Gained mutation: You are very clumsy. (Dex -4) [mutagenic meat]
  4337 | D:5      | Lost mutation: You are very clumsy. (Dex -4) [mutagenic meat]
  4338 | D:5      | Lost mutation: You are clumsy. (Dex -2) [mutagenic meat]
  4371 | D:5      | Found a shattered altar of Ashenzari.
  4462 | D:5      | Reached skill level 5 in Armour
  4519 | D:6      | Noticed kusayu's ghost (novice OpFi)
  4681 | D:6      | Reached skill level 5 in Evocations
  5025 | Temple   | Became a worshipper of Ru the Awakened
  5160 | D:6      | Found a hazy altar of Hepliaklqana.
  5270 | D:6      | Reached skill level 1 in Short Blades
  5692 | D:7      | Gained mutation: You passively map the area around you. [Deep Dwarf growth]
  5692 | D:7      | Reached XP level 9. HP: 33/74 MP: 10/10
  6471 | D:7      | Found a burning altar of Makhleb.
  6507 | D:7      | Reached skill level 5 in Short Blades
  6650 | D:7      | Gained mutation: You are frail. (-10% HP) [Ru sacrifice]
  6650 | D:7      | Reached * piety under Ru
  6650 | D:7      | Reached ** piety under Ru
  6748 | D:8      | Found a sparkling altar of Nemelex Xobeh.
  6756 | D:8      | Noticed a two-headed ogre
  6765 | D:8      | Killed a two-headed ogre
  6804 | D:8      | Noticed Dwachs's ghost (novice VSFi)
  7689 | D:8      | Noticed a two-headed ogre
  7706 | D:7      | Killed a two-headed ogre
  7706 | D:7      | Reached skill level 10 in Axes
  7706 | D:7      | Reached XP level 10. HP: 28/72 MP: 8/10
  8134 | D:8      | Reached skill level 11 in Axes
  9103 | D:9      | Paralysed by a hornet for 2 turns
  9207 | D:10     | Entered Level 10 of the Dungeon
  9257 | D:10     | Noticed dricus's ghost (journeyman GrGl)
  9372 | D:10     | Noticed a two-headed ogre
  9373 | D:10     | Quit the game

Skill      XL: |  1  2  3  4  5  6  7  8  9 10 |
---------------+-------------------------------+-----
Fighting       | 2 |  2.3
Spellcasting   | 2 |  2.0
Axes           | 3 4 5 6 7 9 10 11 | 11.0
Evocations     | 3 5 |  5.0
Armour         | 3 5 |  5.6
Short Blades   | 3 7 9 |  9.6
Throwing       | |  0.8
Dodging        | |  2.5
Translocations | |  3.2

Action                   |  1- 3 |  4- 6 |  7- 9 | 10-12 || total
-------------------------+-------+-------+-------+-------++-------
Melee: Hand axe          |   222 |   265 |   603 |     7 ||  1097
       Dagger            |       |       |   606 |   363 ||   969
       War axe           |       |       |       |    50 ||    50
Throw: Stone             |     6 |     3 |    25 |       ||    34
Invok: Sacrifice Health  |       |       |     1 |       ||     1
 Abil: Heal Wounds       |     1 |     6 |    11 |     7 ||    25
Evoke: Wand              |       |     1 |    22 |     7 ||    30
  Use: Scroll            |       |     6 |     4 |     5 ||    15
       Potion            |       |       |     9 |     5 ||    14
 Stab: Paralysed         |       |     4 |    26 |     6 ||    36
       Invisible         |       |       |     3 |     3 ||     6
       Confused          |       |       |       |     2 ||     2
       Distracted        |       |       |       |     1 ||     1
  Eat: Chunk             |     1 |     2 |    11 |     2 ||    16
       Bread ration      |     1 |       |       |     1 ||     2
       Meat ration       |       |       |     6 |     2 ||     8
Armor: Leather armour    |    12 |     4 |    28 |   123 ||   167
       Chain mail        |    13 |    26 |   141 |       ||   180
       Plate armour      |   107 |   105 |   228 |       ||   440
       Skin              |       |       |   166 |    64 ||   230
Dodge: Dodged            |    74 |    43 |   313 |   151 ||   581
